 Dungeon Crawl Stone Soup version 0.31-a0-176-g91f28db67f (webtiles) character file.

Game seed: 1285963299555192485

226 qw the Chopper (level 6, -2/37 HPs)
             Began as a Gargoyle Fighter on June 17, 2023.
             Splashed by a jelly's acid (10 damage)
             ... on level 4 of the Dungeon.
             The game lasted 00:01:13 (2898 turns).

qw the Chopper (Gargoyle Fighter)                   Turns: 2898, Time: 00:01:13

Health: -2/37      AC:  7    Str: 21    XL:     6   Next: 1%
Magic:  6/6        EV: 10    Int:  9    God:
Gold:   954        SH:  4    Dex:  9    Spells: 5/5 levels left

rFire   . . .        Y - +1 war axe
rCold   + . .        c - +0 buckler
rNeg    + . .        k - +1 ring mail {rC+}
rPois   inf          (no helmet)
rElec   +            (no cloak)
rCorr   .            (no gloves)
SInv    .            (no boots)
Will    .....        e - amulet of the acrobat Stlth
                     (no ring)
HPRegen 0.26/turn    (no ring)
MPRegen 0.10/turn

%: acrobat
@: corroded
A: sickness immunity, AC +4, negative energy resistance 1, electricity
resistance, torment resistance 1, petrification resistance
a: no special abilities


You were on level 4 of the Dungeon.
You visited 1 branch of the dungeon, and saw 4 of its levels.

You collected 954 gold pieces.


Innate Abilities, Weirdness & Mutations

You are immune to sickness and miasma.
Your stone body is resilient. (AC +4)
You are immune to poison.
You resist negative energy. (rN+)
You are resistant to electric shocks. (rElec)
You are resistant to unholy torment.
You are immune to petrification.


   Skills:
 - Level 3.2 Fighting
 - Level 5.5 Axes
 - Level 3.2 Armour
 + Level 0.0 Dodging
 - Level 3.2 Shields


You had 5 spell levels left.
You didn't know any spells.
Your spell library was empty.

Inventory:

Hand Weapons
 f - a +0 flail
 Y - a +1 war axe (weapon)
Armour
 b - a +0 scale mail
 c - a +0 buckler (worn)
 k - a +1 ring mail of cold resistance (worn)
Jewellery
 e - an amulet of the acrobat (around neck)
Scrolls
 a - a scroll of teleportation
 j - a scroll of enchant armour
Potions
 d - a potion of might
 g - a potion of magic {unknown}
 h - a potion of heal wounds {unknown}
 i - a potion of curing {unknown}
 l - a potion of degeneration {unknown}
 m - a potion of cancellation {unknown}

Dungeon Overview and Level Annotations

Branches:
Dungeon (4/15)
 Temple: D:4-7

Altars:


Message History

The ogre shouts!
A jelly comes into view.
Found 7 gold pieces and a dagger.
Enter note:
Enter note:
Enter note:
Enter note:
Enter note:
Enter note:
Enter note:
Enter note:
Enter note:
Enter note:
Enter note:
Enter note: You slash the ogre!
The ogre is moderately wounded.
The sky beast flickers out of sight!
Deactivating autopickup; reactivate with Ctrl-A.
The ogre misses you.
You slash the ogre!
The ogre is severely wounded.
You miss something. The ogre barely misses you.
Something hits you but does no damage.
You hit the ogre but do no damage.
The ogre is severely wounded.
You barely miss something. The ogre completely misses you.
Something hits you but does no damage.
You hit the ogre.
The ogre is severely wounded.
You miss something. You block something's attack.
The ogre hits you with a +0 giant club!!
Ouch! That really hurt!
You slash the ogre!
You kill the ogre!
You closely miss something. Something hits you. Something shocks you.
You resist. The jelly hits you. The acid corrodes you!
You are splashed with acid!
You die...

###### ### ### #.##.##
.... ##.###.##..# ####
.... #..........####...
7~~7..#..........##.#...
~~~~..J@.#..........##..
~~~~..'..#.#..........##
7~~7..#...............#.
$ ....#..........##.....
).... #..#..............
##### #.%###............
#... ##.# #............
#.[##.####...........
#.........#..........


You could see a jelly.

Vanquished Creatures
  An ice beast (D:4)
  An ogre (D:4)
  2 iguanas (D:4)
  3 adders (D:2)
  A dart slug (D:2)
  6 orcs
  2 endoplasms
  3 giant cockroaches
  4 hobgoblins
  2 jackals (D:1)
  4 kobolds
  3 quokkas
  4 ball pythons
  6 bats
  4 frilled lizards
  2 goblins
48 creatures vanquished.

Notes
Turn   | Place    | Note
-------+----------+-------------------------------------------
     0 | D:1      | qw the Gargoyle Fighter began the quest for the Orb.
     0 | D:1      | Reached XP level 1. HP: 14/14 MP: 1/1
     0 | D:1      | 0 ||| qw: Version: 0.3-a-5-g6f28e65
     0 | D:1      | 0 ||| qw: Game counter: 433
     0 | D:1      | 0 ||| qw: Always use a shield: true
     0 | D:1      | 0 ||| qw: God list: Okawaru
     0 | D:1      | 0 ||| qw: Allow faded altars: false
     0 | D:1      | 0 ||| qw: Do Orc after D:15 true
     0 | D:1      | 0 ||| qw: Do second Lair branch before Depths: true
     0 | D:1      | 0 ||| qw: Lair rune preference: random
     0 | D:1      | 0 ||| qw: Plans: Normal, Zot:1-4, Slime:5, God:TSO, Crypt,
                  | Tomb, Abyss, Pan, Hells, Win
     0 | D:1      | 0 ||| PLANNING D:1-11
   127 | D:1      | Reached skill level 2 in Axes
   216 | D:1      | Reached XP level 2. HP: 18/19 MP: 2/2
   220 | D:1      | 220 ||| Stepping ~*~*~tactically~*~*~ (stealth).
   645 | D:1      | 645 ||| READING 2 scrolls labelled CEUVAN XAOTU.
   649 | D:1      | 649 ||| READING scroll labelled FUIR XOELOJE.
   650 | D:1      | 650 ||| READING scroll labelled UMACAEG CUHER.
   651 | D:1      | 651 ||| READING 2 scrolls labelled LIUTWUD YTOARA.
   652 | D:1      | 652 ||| READING scroll labelled INUNIE YJ BOD.
   669 | D:2      | 669 ||| Stepping ~*~*~tactically~*~*~ (hiding).
   858 | D:2      | Reached skill level 3 in Axes
  1020 | D:2      | Reached XP level 3. HP: 21/23 MP: 3/3
  1340 | D:2      | Identified the +4 trident "Xuenk" {drain, *Rage rC+ Int+2
                  | SInv}
  1419 | D:2      | 1419 ||| READING 2 scrolls labelled JYRCHA WORE.
  1420 | D:2      | 1420 ||| DROPPING scroll of butterflies.
  1485 | D:3      | Reached XP level 4. HP: 28/28 MP: 4/4
  1564 | D:3      | 1564 ||| Stepping ~*~*~tactically~*~*~ (hiding).
  1674 | D:3      | 1674 ||| DROPPING +0 club.
  1687 | D:3      | Found a faded altar of an unknown god.
  2072 | D:3      | 2072 ||| DROPPING +0 whip.
  2278 | D:3      | 2278 ||| UPGRADING to +1 ring mail of cold resistance.
  2288 | D:3      | 2288 ||| UPGRADING to amulet of the acrobat.
  2293 | D:3      | 2293 ||| READING 2 scrolls labelled PINACO YLIMIGO.
  2294 | D:3      | 2294 ||| READING scroll labelled LAAGGI GOASHRIDD.
  2294 | D:3      | Identified a scroll of acquirement
  2294 | D:3      | 2294 ||| ACQUIRING 757 gold pieces
  2294 | D:3      | Acquired 757 gold pieces
  2296 | D:3      | 2296 ||| DROPPING scroll of poison.
  2337 | D:4      | Reached skill level 4 in Axes
  2353 | D:4      | 2353 ||| Stepping ~*~*~tactically~*~*~ (stealth).
  2354 | D:4      | 2354 ||| DROPPING +0 mace.
  2521 | D:4      | HP: 7/28 [iguana (7)]
  2522 | D:4      | 2522 ||| READING 2 scrolls of teleportation.
  2622 | D:4      | 2622 ||| Stepping ~*~*~tactically~*~*~ (stealth).
  2639 | D:4      | Reached XP level 5. HP: 18/32 MP: 5/5
  2828 | D:4      | Noticed an ice beast
  2836 | D:4      | Killed an ice beast
  2837 | D:4      | Reached skill level 5 in Axes
  2837 | D:4      | Reached XP level 6. HP: 32/37 MP: 6/6
  2892 | D:4      | Noticed a sky beast
  2898 | D:4      | HP: 8/37 [jelly (3)]
  2898 | D:4      | Splashed by a jelly's acid

Levels and vault maps discovered:
D:1:      evilmike_arrival_plus, layout_basic
D:2:      layout_loops_cross, nrook_mini_vaults
D:3:      layout_basic, hellmonk_ecumenical_altar_heavens_door,
          bh_walls_and_bars
D:4:      layout_cave_pools, kennysheep_generic_room_6, uniq_crazy_yiuf_cottage

Skill      XL: |  1  2  3  4  5 |
---------------+----------------+-----
Axes           | 2 3 4 5 |  5.5
Fighting       | |  3.2
Armour         | |  3.2
Shields        | |  3.2

Action                     |  1- 3 |  4- 6 || total
---------------------------+-------+-------++-------
  Melee: War axe           |    99 |    83 ||   182
    Use: Scroll            |     6 |     3 ||     9
 Armour: Scale mail        |    47 |    17 ||    64
         Ring mail         |       |    18 ||    18
  Dodge: Dodged            |    55 |    36 ||    91
  Block: Buckler           |    20 |     9 ||    29

Table legend:
 A = Non-vault XP
 B = Vault XP
 C = Vault XP percentage of total XP
 D = Non-vault monster count
 E = Vault monster count
 F = Vault count percentage of total count
                 A         B        C        D         E       F
            +---------+---------+-------+---------+---------+-------
      Total |     323 |     121 |  27.3 |      47 |       1 |   2.1
            +---------+---------+-------+---------+---------+-------
        D:1 |      27 |       0 |   0.0 |      16 |       0 |   0.0
        D:2 |      53 |       0 |   0.0 |       9 |       0 |   0.0
        D:3 |      14 |       0 |   0.0 |       9 |       0 |   0.0
        D:4 |     229 |     121 |  34.6 |      13 |       1 |   7.1
            +---------+---------+-------+---------+---------+-------
